 Dungeon Sprint DCSS version 0.32-a0-136-gc02482bde3 (webtiles) character file.

Game seed: 834572394133873989

2009 rocky1 the Fighter (level 9, 0/169 HPs)
             Began as an Oni Gladiator on Feb 11, 2024.
             Was an Initiate of Gozag.
             Slain by an 11-headed hydra (3 damage)
             ... in the Dungeon (Sprint VII: "The Pits").
             The game lasted 00:03:31 (861 turns).

rocky1 the Fighter (Oni Gladiator)                   Turns: 861, Time: 00:03:32

Health: 0/169      AC:  3    Str: 24    XL:     9   Next: 22%
Magic:  20/21      EV: 12    Int:  9    God:    Gozag
Gold:   1503       SH:  0    Dex: 10    Spells: 24/24 levels left

rFire   . . .        q - +0 halberd
rCold   . . .        (shield currently unavailable)
rNeg    . . .        b - +0 robe
rPois   .            c - +0 hat
rElec   .            (no cloak)
rCorr   .            (gloves unavailable)
SInv    .            (boots unavailable)
Will    .....        (no amulet) Stlth
                     (no ring)
HPRegen 0.48/turn    (no ring)
MPRegen 0.17/turn

%: no teleportation
@: berserking (expiring), gold aura, invisible, very quick
A: large, unfitting armour, horns 1, tough skin 1, double potion healing,
drunken brawling
a: Renounce Religion, Potion Petition, Call Merchant, Bribe Branch


You were in the Dungeon.
You worshipped Gozag.
Gozag was most pleased with you.
You visited 1 branch You collected 1503 gold pieces.

Inventory:

Hand Weapons
 a - a +0 trident
 p - a +2 trident
 q - a +0 halberd (weapon)
Missiles
 d - 2 throwing nets (quivered)
 e - a large rock
Armour
 b - a +0 robe (worn)
 c - a +0 hat (worn)
Scrolls
 k - a scroll of blinking
 m - 2 scrolls of vulnerability
 n - 5 scrolls of amnesia
 o - a scroll of summoning
Potions
 f - 3 potions of curing
 g - 2 potions of heal wounds
 h - a potion of haste
 i - 4 potions of magic
 j - a potion of berserk rage


   Skills:
 * Level 14.1 Fighting
 * Level 11.3 Polearms
 - Level 2.0 Throwing
 + Level 7.2 Armour
 + Level 7.8 Dodging
 + Level 8.3 Spellcasting


You had 24 spell levels left.
You didn't know any spells.
Your spell library was empty.

Dungeon Overview and Level Annotations

Branches:
Dungeon (1/1)

Altars:
Ashenzari
Cheibriados
Dithmenos
Elyvilon
Fedhas
Gozag
Hepliaklqana
Kikubaaqudgha
Makhleb
Nemelex Xobeh
Okawaru
Qazlal
Ru
Sif Muna
Trog
Uskayaw
Vehumet
Wu Jian
Xom
Yredelemnul
Zin
The Shining One
Jiyva
Lugonu


Innate Abilities, Weirdness & Mutations

You are too large for most types of armour.
You have a pair of small horns on your head.
You have tough skin. (AC +1)
You gain doubled healing and magic from potions.
Whenever you drink a healing potion, you attack all around you.


Message History

The eight-headed hydra is heavily wounded.
You lop one of the eight-headed hydra's heads off!
The seven-headed hydra grows two more!
You puncture the nine-headed hydra! You headbutt the nine-headed hydra!
The nine-headed hydra is severely wounded.
The nine-headed hydra bites you.
* * * LOW HITPOINT WARNING * * *
The nine-headed hydra bites you!
* * * LOW HITPOINT WARNING * * *
The nine-headed hydra closely misses you.
The nine-headed hydra misses you.
The nine-headed hydra bites you but does no damage.
The nine-headed hydra barely misses you.
The nine-headed hydra misses you. The nine-headed hydra bites you!
* * * LOW HITPOINT WARNING * * *
The nine-headed hydra bites you but does no damage.
You barely miss the nine-headed hydra.
Your headbutt misses the nine-headed hydra.
The nine-headed hydra is severely wounded.
The nine-headed hydra is distracted by your dazzling golden aura.
Unknown command.
The nine-headed hydra roars!
You hack one of the nine-headed hydra's heads off!
The eight-headed hydra grows two more!
You impale the ten-headed hydra!!
The ten-headed hydra is no longer distracted by gold.
The ten-headed hydra is severely wounded.
The ten-headed hydra is distracted by your dazzling golden aura.
Unknown command.
Unknown command.
You catch the helpless ten-headed hydra completely off-guard!
You chop one of the ten-headed hydra's heads off!
The nine-headed hydra grows two more!
You slice the 11-headed hydra!!
The 11-headed hydra is no longer distracted by gold.
The 11-headed hydra is almost dead.
The 11-headed hydra completely misses you.
The 11-headed hydra bites you!
* * * LOW HITPOINT WARNING * * *
The 11-headed hydra barely misses you. The 11-headed hydra bites you.
You die...
Your body crumbles into a pile of gold.

#.#####'#####...<...#
#)#..[)))..##.......#
#.#..[)))..##.......#
#'###########.......#
#...)...#..##########
#.###...#.## ###
#.#.....#.# ...#
#.#...#.#$#....#
#.....#.#@DY...+
#...###.#$#$...#
#.......')# ...#
########### ###


You could see a 11-headed hydra (unable to see you) and a dream sheep (unable to
see you).

Vanquished Creatures
  A hellwing (D)
  Grinder (D)
  A glass eye (D)
  4 dream sheep (D)
  Menkaure (D)
  A phantom (D)
  A necrophage (D)
  2 scorpions (D)
  5 wights (D)
  A gnoll bouda (D)
  An iron imp (D)
  A mummy (D)
  2 adders (D)
  An ufetubus (D)
  A ribbon worm (D)
  2 goblins (D)
  4 jackals (D)
  2 kobolds (D)
  A bat (D)
  A rat (D)
34 creatures vanquished.

Notes
Turn   | Place    | Note
-------+----------+-------------------------------------------
     0 | D        | rocky1 the Oni Gladiator began the quest for the Orb.
     0 | D        | Reached XP level 1. HP: 22/22 MP: 1/1
    20 | D        | Reached skill level 3 in Fighting
    20 | D        | Reached skill level 1 in Armour
    20 | D        | Reached skill level 1 in Spellcasting
    20 | D        | Reached XP level 2. HP: 24/32 MP: 1/3
    50 | D        | Found a bloodstained altar of Trog.
    50 | D        | Found a shimmering blue altar of Sif Muna.
    50 | D        | Found a viscous altar of Jiyva.
    50 | D        | Found a hazy altar of Hepliaklqana.
    50 | D        | Found an opulent altar of Gozag.
    51 | D        | Found a glowing golden altar of the Shining One.
    51 | D        | Found a glowing silver altar of Zin.
    51 | D        | Found a basalt altar of Yredelemnul.
    51 | D        | Found a shimmering altar of Xom.
    51 | D        | Found an ornate altar of the Wu Jian Council.
    51 | D        | Found a sacrificial altar of Ru.
    51 | D        | Found a stormy altar of Qazlal.
    51 | D        | Found an iron altar of Okawaru.
    51 | D        | Found a sparkling altar of Nemelex Xobeh.
    51 | D        | Found a burning altar of Makhleb.
    51 | D        | Found a blossoming altar of Fedhas.
    51 | D        | Found a white marble altar of Elyvilon.
    51 | D        | Found a shadowy altar of Dithmenos.
    51 | D        | Found a snail-covered altar of Cheibriados.
    54 | D        | Found a corrupted altar of Lugonu.
    54 | D        | Found a radiant altar of Vehumet.
    55 | D        | Found an ancient bone altar of Kikubaaqudgha.
    55 | D        | Found a hide-covered altar of Uskayaw.
    55 | D        | Found a broken altar of Ashenzari.
    58 | D        | Became a worshipper of Gozag Ym Sagoz the Greedy
    68 | D        | Noticed a scorpion
    74 | D        | Killed a scorpion
    75 | D        | Reached skill level 5 in Fighting
    75 | D        | Reached skill level 5 in Polearms
    75 | D        | Reached XP level 3. HP: 36/44 MP: 4/7
    75 | D        | Reached XP level 4. HP: 42/52 MP: 4/8
   141 | D        | Reached skill level 6 in Fighting
   159 | D        | Noticed a scorpion
   166 | D        | Killed a scorpion
   167 | D        | Reached skill level 7 in Fighting
   167 | D        | Reached XP level 5. HP: 50/62 MP: 8/10
   312 | D        | Noticed a phantom
   325 | D        | Reached skill level 8 in Fighting
   331 | D        | Reached skill level 5 in Dodging
   331 | D        | Reached XP level 6. HP: 29/74 MP: 10/13
   333 | D        | Reached skill level 9 in Fighting
   333 | D        | Reached skill level 5 in Spellcasting
   525 | D        | Reached skill level 10 in Fighting
   527 | D        | Reached skill level 5 in Armour
   527 | D        | Reached XP level 7. HP: 76/87 MP: 15/15
   567 | D        | Noticed a hellwing
   591 | D        | Killed a hellwing
   592 | D        | Reached skill level 11 in Fighting
   595 | D        | Noticed a glass eye
   595 | D        | Noticed Grinder
   602 | D        | Killed Grinder
   603 | D        | Reached skill level 12 in Fighting
   603 | D        | Reached XP level 8. HP: 46/98 MP: 18/18
   615 | D        | Killed a glass eye
   616 | D        | Reached skill level 10 in Polearms
   847 | D        | Noticed Menkaure
   847 | D        | Noticed a five-headed hydra
   847 | D        | Noticed a dream sheep
   847 | D        | Noticed a dream sheep
   847 | D        | Noticed a dream sheep
   847 | D        | Noticed a dream sheep
   847 | D        | Noticed a dream sheep
   850 | D        | Killed a dream sheep
   851 | D        | Reached skill level 13 in Fighting
   852 | D        | Killed a dream sheep
   852 | D        | Killed Menkaure
   853 | D        | Reached XP level 9. HP: 71/110 MP: 20/20
   857 | D        | Reached skill level 14 in Fighting
   861 | D        | HP: 3/169 [11-headed hydra (8)]
   861 | D        | Slain by an 11-headed hydra

Illustrated notes

Levels and vault maps discovered:
D:        pitsprint [storerooms_1, entrance_room_1, metal_vault_6, armoury_1,
          mini_pit_1, grid_room_1, main_hall_1, silver_pit, the_coven_3,
          the_vestibule_1, steel_vault_3, golden_pit, hallway_of_sentries,
          crystal_vault_6, iron_vault_4, final_vault]

Skill      XL: |  1  2  3  4  5  6  7  8  9 |
---------------+----------------------------+-----
Fighting       | 3 5 7 8 10 12 13 14 | 14.1
Armour         | 1 2 3 4 5 6 7 |  7.2
Dodging        | 3 4 5 6 7 |  7.8
Spellcasting   | 1 2 3 4 5 7 8 |  8.3
Polearms       | 5 7 8 9 10 11 | 11.3
Throwing       | |  2.0

Action                     |  1- 3 |  4- 6 |  7- 9 || total
---------------------------+-------+-------+-------++-------
  Melee: Trident           |    11 |    46 |       ||    57
         Headbutt          |     2 |     4 |    12 ||    18
         Punch             |       |     1 |       ||     1
         Halberd           |       |     8 |    65 ||    73
  Throw: Throwing net      |     1 |     1 |       ||     2
    Use: Potion            |       |     2 |     9 ||    11
   Stab: Sleeping          |     1 |     2 |       ||     3
         Distracted        |       |       |     1 ||     1
         Invisible         |       |       |     2 ||     2
 Armour: Robe              |     5 |    28 |    64 ||    97
  Dodge: Dodged            |     4 |    25 |    39 ||    68

Table legend: (Time is in decaauts)
 A = Elapsed time spent in this place.
 B = Non-inter-level travel time spent in this place.
 C = Inter-level travel time spent in this place.
 D = Time resting spent in this place.
 E = Time spent auto-exploring this place.
 F = Levels seen in this place.
 G = Mean time per level.
                   A        B        C        D        E       F      G
               +--------+--------+--------+--------+--------+-----+--------+
         Total |    867 |    855 |     12 |    523 |      0 |   1 |  867.0 |
       Dungeon |    867 |    855 |     12 |    523 |      0 |   1 |  867.0 |
               +--------+--------+--------+--------+--------+-----+--------+

Top non-repeatable levels by time:
       D: 867 daAuts
